TOP OF THE 1ST |
Maui Tropics batting - Pitching for San Francisco Bandits : LHP Pancho Guerrero
|
Pitching: LHP Pancho Guerrero
|
|
Batting: RHB Matt Silver
|
0-0: Ball 1-0: Foul Ball, location: 2F 1-1: Ball 2-1: SINGLE (Line Drive, 7S)
|
Batting: LHB Luis Antonio Torres
|
0-0: Called Strike 0-1: Foul Ball, location: 2F 0-2: Grounds into double play, 4-6-3 (Groundball, 4)
|
Batting: RHB Jesús Espinoza
|
0-0: Called Strike 0-1: Ball 1-1: Called Strike 1-2: Strikes out swinging
|
Top of the 1st over - 0 run(s), 1 hit(s), 0 error(s), 0 left on base; Maui 0 - San Francisco 0 |
BOTTOM OF THE 1ST |
San Francisco Bandits batting - Pitching for Maui Tropics : RHP Ronald Cotton
|
Pitching: RHP Ronald Cotton
|
|
Batting: RHB Javier Ramírez
|
0-0: Ball 1-0: Hit by Pitch
|
Batting: LHB Jerry Bryan
|
0-0: Ball Javier Ramírez is caught stealing 2nd base 1-0: Called Strike 1-1: Foul Ball, location: 2F 1-2: DOUBLE (Flyball, 8LD)
|
Batting: RHB Ramón Ruíz
|
0-0: Called Strike 0-1: Foul Ball, location: 2F 0-2: Strikes out swinging
|
Batting: RHB Naomichi Aoki
|
0-0: Called Strike 0-1: Ball 1-1: Swinging Strike 1-2: Strikes out swinging
|
Bottom of the 1st over - 0 run(s), 1 hit(s), 0 error(s), 1 left on base; Maui 0 - San Francisco 0 |
TOP OF THE 2ND |
Maui Tropics batting - Pitching for San Francisco Bandits : LHP Pancho Guerrero
|
Batting: RHB Luis Alou
|
0-0: Called Strike 0-1: Foul Ball, location: 2F 0-2: Foul Ball, location: 2F 0-2: Strikes out swinging
|
Batting: RHB José Herrera
|
0-0: Called Strike 0-1: Ball 1-1: Fly out, F7 (Flyball, 78XD)
|
Batting: LHB José Rivas
|
0-0: Called Strike 0-1: Ball 1-1: Called Strike 1-2: Foul Ball, location: 2F 1-2: Fly out, F7 (Line Drive, 78D)
|
Top of the 2nd over - 0 run(s), 0 hit(s), 0 error(s), 0 left on base; Maui 0 - San Francisco 0 |
BOTTOM OF THE 2ND |
San Francisco Bandits batting - Pitching for Maui Tropics : RHP Ronald Cotton
|
Batting: LHB Mel Jones
|
0-0: Ball 1-0: Ball 2-0: Called Strike 2-1: Swinging Strike 2-2: Strikes out swinging
|
Batting: LHB Jack Hewat
|
0-0: Swinging Strike 0-1: Swinging Strike 0-2: Strikes out swinging
|
Batting: LHB Alberto Gómez
|
0-0: Fly out, F8 (Flyball, 78M)
|
Bottom of the 2nd over - 0 run(s), 0 hit(s), 0 error(s), 0 left on base; Maui 0 - San Francisco 0 |
TOP OF THE 3RD |
Maui Tropics batting - Pitching for San Francisco Bandits : LHP Pancho Guerrero
|
Batting: RHB Ximena Campos
|
0-0: SOLO HOME RUN (Flyball, 9D), Distance : 394 ft
|
Batting: RHB José Rodríguez
|
0-0: Ball 1-0: Ball 2-0: Fly out, F7 (Flyball, 78M)
|
Batting: RHB John Brown
|
0-0: Foul Ball, location: 2F 0-1: Foul Ball, location: 2F 0-2: Strikes out swinging
|
Batting: RHB Matt Silver
|
0-0: Ball 1-0: Fly out, F8 (Flyball, 8LM)
|
Top of the 3rd over - 1 run(s), 1 hit(s), 0 error(s), 0 left on base; Maui 1 - San Francisco 0 |
BOTTOM OF THE 3RD |
San Francisco Bandits batting - Pitching for Maui Tropics : RHP Ronald Cotton
|
Batting: RHB José Sánchez
|
0-0: Foul Ball, location: 2F 0-1: Called Strike 0-2: Ball 1-2: Foul Ball, location: 2F 1-2: Ground out 6-3 (Groundball, 6)
|
Batting: RHB Miguel Mendoza
|
0-0: Ball 1-0: Foul Ball, location: 2F 1-1: SINGLE (Line Drive, 78M)
|
Batting: RHB Javier Ramírez
|
0-0: Called Strike 0-1: Ball 1-1: Ball 2-1: Foul Ball, location: 2F 2-2: Strikes out swinging
|
Batting: LHB Jerry Bryan
|
0-0: Swinging Strike 0-1: Foul Ball, location: 2F 0-2: Fly out, F7 (Flyball, 7LM)
|
Bottom of the 3rd over - 0 run(s), 1 hit(s), 0 error(s), 1 left on base; Maui 1 - San Francisco 0 |
TOP OF THE 4TH |
Maui Tropics batting - Pitching for San Francisco Bandits : LHP Pancho Guerrero
|
Batting: LHB Luis Antonio Torres
|
0-0: SOLO HOME RUN (Flyball, 9LD), Distance : 329 ft
|
Batting: RHB Jesús Espinoza
|
0-0: Called Strike 0-1: Ball 1-1: Foul Ball, location: 2F 1-2: Fly out, F9 (Flyball, 89D)
|
Batting: RHB Luis Alou
|
0-0: Ball 1-0: Ball 2-0: Called Strike 2-1: Ball 3-1: Ground out 5-3 (Groundball, 56S)
|
Batting: RHB José Herrera
|
0-0: Ground out 4-3 (Groundball, 4)
|
Top of the 4th over - 1 run(s), 1 hit(s), 0 error(s), 0 left on base; Maui 2 - San Francisco 0 |
BOTTOM OF THE 4TH |
San Francisco Bandits batting - Pitching for Maui Tropics : RHP Ronald Cotton
|
Batting: RHB Ramón Ruíz
|
0-0: Swinging Strike 0-1: Foul Ball, location: 2F 0-2: Strikes out swinging
|
Batting: RHB Naomichi Aoki
|
0-0: Ball 1-0: Ball 2-0: Ball 3-0: Base on Balls
|
Batting: LHB Mel Jones
|
0-0: Called Strike 0-1: Ball 1-1: Ball 2-1: Ground out U3 (Groundball, 3S) Naomichi Aoki to second
|
Batting: LHB Jack Hewat
|
0-0: Called Strike 0-1: Ground out 4-3 (Groundball, 4S)
|
Bottom of the 4th over - 0 run(s), 0 hit(s), 0 error(s), 1 left on base; Maui 2 - San Francisco 0 |
TOP OF THE 5TH |
Maui Tropics batting - Pitching for San Francisco Bandits : LHP Pancho Guerrero
|
Batting: LHB José Rivas
|
0-0: Ball 1-0: Ball 2-0: Foul Ball, location: 2F 2-1: SINGLE (Line Drive, 4M)
|
Batting: RHB Ximena Campos
|
0-0: Called Strike 0-1: Ball 1-1: Fly out, F8 (Flyball, 8LD)
|
Batting: RHB José Rodríguez
|
0-0: Ball 1-0: Swinging Strike 1-1: Grounds into double play, 5-4-3 (Groundball, 56)
|
Top of the 5th over - 0 run(s), 1 hit(s), 0 error(s), 0 left on base; Maui 2 - San Francisco 0 |
BOTTOM OF THE 5TH |
San Francisco Bandits batting - Pitching for Maui Tropics : RHP Ronald Cotton
|
Batting: LHB Alberto Gómez
|
0-0: Ball 1-0: Ball 2-0: Ball 3-0: Called Strike 3-1: Swinging Strike 3-2: Strikes out swinging
|
Batting: RHB José Sánchez
|
0-0: Called Strike 0-1: Foul Ball, location: 2F 0-2: Ball 1-2: Foul Ball, location: 2F 1-2: Foul Ball, location: 2F 1-2: Strikes out looking
|
Batting: RHB Miguel Mendoza
|
0-0: SINGLE (Groundball, 56D)
|
Batting: RHB Javier Ramírez
|
0-0: Foul Ball, location: 2F 0-1: Ball 1-1: Swinging Strike 1-2: Ball 2-2: Fielders Choice at 2nd, 4-6 (Groundball, 4)
|
Bottom of the 5th over - 0 run(s), 1 hit(s), 0 error(s), 0 left on base; Maui 2 - San Francisco 0 |
TOP OF THE 6TH |
Maui Tropics batting - Pitching for San Francisco Bandits : LHP Pancho Guerrero
|
Batting: RHB John Brown
|
0-0: Foul Ball, location: 2F 0-1: Called Strike 0-2: Foul Ball, location: 2F 0-2: Strikes out swinging
|
Batting: RHB Matt Silver
|
0-0: Hit by Pitch
|
Batting: LHB Luis Antonio Torres
|
0-0: Called Strike 0-1: Foul Ball, location: 2F 0-2: Foul Ball, location: 2F 0-2: Fly out, F8 (Flyball, 8LM)
|
Batting: RHB Jesús Espinoza
|
0-0: Ball Matt Silver is caught stealing 2nd base
|
Top of the 6th over - 0 run(s), 0 hit(s), 0 error(s), 0 left on base; Maui 2 - San Francisco 0 |
BOTTOM OF THE 6TH |
San Francisco Bandits batting - Pitching for Maui Tropics : RHP Ronald Cotton
|
Batting: LHB Jerry Bryan
|
0-0: Ball 1-0: Ball 2-0: SINGLE (Groundball, 34D)
|
Batting: RHB Ramón Ruíz
|
0-0: Called Strike 0-1: Called Strike 0-2: Strikes out looking
|
Batting: RHB Naomichi Aoki
|
0-0: Foul Ball, location: 2F 0-1: Swinging Strike 0-2: Strikes out swinging
|
Batting: LHB Mel Jones
|
0-0: Ball 1-0: Called Strike 1-1: SINGLE (Line Drive, 56) Jerry Bryan to second
|
Batting: LHB Jack Hewat
|
0-0: Foul Ball, location: 2F 0-1: Called Strike 0-2: Foul Ball, location: 2F 0-2: Ball 1-2: Foul Ball, location: 2F 1-2: Foul Ball, location: 2F 1-2: Fly out, F8 (Flyball, 8LM)
|
Bottom of the 6th over - 0 run(s), 2 hit(s), 0 error(s), 2 left on base; Maui 2 - San Francisco 0 |
TOP OF THE 7TH |
Maui Tropics batting - Pitching for San Francisco Bandits : LHP Pancho Guerrero
|
Batting: RHB Jesús Espinoza
|
0-0: Foul Ball, location: 2F 0-1: Swinging Strike 0-2: Ball 1-2: Ball 2-2: Ground out 5-3 (Groundball, 56)
|
Batting: RHB Luis Alou
|
0-0: Called Strike 0-1: Ball 1-1: Ball 2-1: Fly out, F7 (Flyball, 7)
|
Batting: RHB José Herrera
|
0-0: Ground out 5-3 (Groundball, 5L)
|
Top of the 7th over - 0 run(s), 0 hit(s), 0 error(s), 0 left on base; Maui 2 - San Francisco 0 |
BOTTOM OF THE 7TH |
San Francisco Bandits batting - Pitching for Maui Tropics : RHP Ronald Cotton
|
Batting: LHB Alberto Gómez
|
0-0: Ground out 5-3 (Groundball, 56S)
|
Batting: RHB José Sánchez
|
0-0: Called Strike 0-1: Foul Ball, location: 2F 0-2: Ball 1-2: Strikes out swinging
|
Batting: RHB Miguel Mendoza
|
0-0: Called Strike 0-1: Foul Ball, location: 2F 0-2: Strikes out swinging
|
Bottom of the 7th over - 0 run(s), 0 hit(s), 0 error(s), 0 left on base; Maui 2 - San Francisco 0 |
TOP OF THE 8TH |
Maui Tropics batting - Pitching for San Francisco Bandits : LHP Pancho Guerrero
|
Batting: LHB José Rivas
|
0-0: Ground out 4-3 (Groundball, 4S)
|
Batting: RHB Ximena Campos
|
0-0: Called Strike 0-1: Called Strike 0-2: Fly out, F7 (Line Drive, 78M)
|
Batting: RHB José Rodríguez
|
0-0: Foul Ball, location: 2F 0-1: Ball 1-1: Foul Ball, location: 2F 1-2: SOLO HOME RUN (Flyball, 78XD), Distance : 389 ft
|
Batting: RHB John Brown
|
0-0: Foul Ball, location: 2F 0-1: Ball 1-1: Ground out 4-3 (Groundball, 34)
|
Top of the 8th over - 1 run(s), 1 hit(s), 0 error(s), 0 left on base; Maui 3 - San Francisco 0 |
BOTTOM OF THE 8TH |
San Francisco Bandits batting - Pitching for Maui Tropics : RHP Ronald Cotton
|
Batting: RHB Javier Ramírez
|
0-0: Called Strike 0-1: Called Strike 0-2: Ball 1-2: Fly out, F8 (Line Drive, 8LM)
|
Batting: LHB Jerry Bryan
|
0-0: Swinging Strike 0-1: Swinging Strike 0-2: Ball 1-2: Strikes out swinging
|
Batting: RHB Ramón Ruíz
|
0-0: SINGLE (Groundball, 6MD)
|
Batting: RHB Naomichi Aoki
|
0-0: Foul Ball, location: 2F 0-1: SINGLE (Line Drive, 6D) Ramón Ruíz to second
|
Batting: LHB Mel Jones
|
0-0: Called Strike 0-1: Called Strike 0-2: Ball 1-2: 3-RUN HOME RUN (Flyball, 89XD), Distance : 437 ft
|
Batting: LHB Jack Hewat
|
0-0: Ball 1-0: Swinging Strike 1-1: Ground out 6-3 (Groundball, 6)
|
Bottom of the 8th over - 3 run(s), 3 hit(s), 0 error(s), 0 left on base; Maui 3 - San Francisco 3 |
TOP OF THE 9TH |
Maui Tropics batting - Pitching for San Francisco Bandits : LHP Pancho Guerrero
|
Pitching: RHP Kunihiko Daikawa
|
|
Pinch Hitting: LHB Anacleto Morillo
|
0-0: Fly out, F7 (Flyball, 78M)
|
Batting: LHB Luis Antonio Torres
|
0-0: Ball 1-0: Ball 2-0: Foul Ball, location: 2F 2-1: Ball 3-1: Fly out, F7 (Flyball, 7)
|
Batting: RHB Jesús Espinoza
|
0-0: Called Strike 0-1: Ball 1-1: Ball 2-1: Called Strike 2-2: Strikes out swinging
|
Top of the 9th over - 0 run(s), 0 hit(s), 0 error(s), 0 left on base; Maui 3 - San Francisco 3 |
BOTTOM OF THE 9TH |
San Francisco Bandits batting - Pitching for Maui Tropics : RHP Ronald Cotton
|
Pitching: RHP Pedro Magana
|
|
Now at SS: Javier Espinoza
|
|
Batting: LHB Alberto Gómez
|
0-0: Called Strike 0-1: Called Strike 0-2: Ball 1-2: Foul Ball, location: 2F 1-2: Ball 2-2: Foul Ball, location: 2F 2-2: Strikes out swinging
|
Pinch Hitting: RHB Jorge Díaz
|
0-0: SINGLE (Line Drive, 9LM)
|
Pinch Hitting: RHB Gustavo Ortíz
|
0-0: Called Strike 0-1: Foul Ball, location: 2F 0-2: Foul Ball, location: 2F 0-2: Strikes out swinging
|
Batting: RHB Javier Ramírez
|
0-0: Called Strike 0-1: Hit by Pitch Jorge Díaz to second
|
Batting: LHB Jerry Bryan
|
0-0: Ground out U3 (Groundball, 34)
|
Bottom of the 9th over - 0 run(s), 1 hit(s), 0 error(s), 2 left on base; Maui 3 - San Francisco 3 |
TOP OF THE 10TH |
Maui Tropics batting - Pitching for San Francisco Bandits : RHP Kunihiko Daikawa
|
Now at C: Ángel Hernández
|
|
Now at 3B: Gustavo Ortíz
|
|
Batting: RHB Luis Alou
|
0-0: Fly out, F1 (Line Drive, 13)
|
Batting: RHB José Herrera
|
0-0: Foul Ball, location: 2F 0-1: TRIPLE (Flyball, 9LM)
|
Batting: LHB José Rivas
|
0-0: Intentional Walk
|
Batting: RHB Ximena Campos
|
0-0: Ball 1-0: Foul Ball, location: 2F 1-1: Ball 2-1: 3-RUN HOME RUN (Flyball, 8LXD), Distance : 428 ft
|
Pitching: RHP Alfonso Martínez
|
|
Batting: RHB José Rodríguez
|
0-0: Called Strike 0-1: Ball 1-1: Foul Ball, location: 2F 1-2: Strikes out swinging
|
Batting: RHB John Brown
|
0-0: Called Strike 0-1: Ball 1-1: Called Strike 1-2: Fly out, F9 (Flyball, 9S)
|
Top of the 10th over - 3 run(s), 2 hit(s), 0 error(s), 0 left on base; Maui 6 - San Francisco 3 |
BOTTOM OF THE 10TH |
San Francisco Bandits batting - Pitching for Maui Tropics : RHP Pedro Magana
|
Batting: RHB Ramón Ruíz
|
0-0: Ball 1-0: Called Strike 1-1: Foul Ball, location: 2F 1-2: Ball 2-2: Ball 3-2: Foul Ball, location: 2F 3-2: Foul Ball, location: 2F 3-2: Foul Ball, location: 2F 3-2: Strikes out swinging
|
Batting: RHB Naomichi Aoki
|
0-0: Called Strike 0-1: Ball 1-1: Ball 2-1: Foul Ball, location: 2F 2-2: Foul Ball, location: 2F 2-2: Foul Ball, location: 2F 2-2: Ball 3-2: Foul Ball, location: 2F 3-2: Base on Balls
|
Batting: LHB Mel Jones
|
0-0: Swinging Strike 0-1: Swinging Strike 0-2: Ball 1-2: Strikes out looking
|
Batting: LHB Jack Hewat
|
0-0: Ball 1-0: Foul Ball, location: 2F 1-1: Swinging Strike 1-2: Foul Ball, location: 2F 1-2: Ball 2-2: Strikes out looking
|
Bottom of the 10th over - 0 run(s), 0 hit(s), 0 error(s), 1 left on base; Maui 6 - San Francisco 3 |
|